 Dungeon Crawl Stone Soup version 0.16.1-14-g82efdee (webtiles) character file.

413 karlm the Conjurer (level 6, -14/49 HPs)
             Began as a Naga Wizard on Apr 11, 2015.
             Killed from afar by an orc (44 damage)
             ... with an exploding inner flame
             ... hexed by the player character
             ... on level 4 of the Dungeon.
             The game lasted 00:19:32 (6956 turns).

karlm the Conjurer (Naga Wizard)                    Turns: 6956, Time: 00:19:32

Health: -14/49     AC:  5    Str:  9    XL:     6   Next: 90%
Magic:  5/12       EV:  9    Int: 20    God:
Gold:   216        SH:  0    Dex: 10    Spells: 5 memorised, 0 levels left

rFire  . . .     SeeInvis +     n - +1 spear
rCold  . . .     Clarity  .     a - +0 robe
rNeg   . . .     SustAb   .     (no shield)
rPois  +         Gourm    .     p - +1 helmet
rElec  .         Spirit   .     (no cloak)
rCorr  .         Warding  .     (no gloves)
rMut   .         Stasis   .     (no barding)
MR     .....                    (no amulet)
Stlth  ++........               (no ring)
                                (no ring)

@: very slightly contaminated, very slow, not resistant to hostile enchantments,
unstealthy
A: spit poison, see invisible, deformed body, poison resistance, slowness 2, AC
+2
a: Spit Poison


You were on level 4 of the Dungeon.
You were hungry.

You visited 1 branch of the dungeon, and saw 5 of its levels.

You collected 216 gold pieces.

Inventory:

Hand weapons
 n - a +1 spear (weapon)
Missiles
 f - 304 stones (quivered)
 v - a throwing net
 y - 3 steel tomahawks
 A - 5 tomahawks
 E - 5 javelins
Armour
 a - a +0 robe (worn)
 p - a +1 helmet (worn)
Jewellery
 q - a cursed ring of teleportation {unknown}
Magical devices
 C - a wand of draining (3)
Scrolls
 e - 2 scrolls of remove curse
 h - a scroll of noise
 r - 3 scrolls of identify
 t - 2 scrolls of teleportation
 B - 2 scrolls of enchant armour
Potions
 b - 2 potions of resistance {unknown}
 i - 4 potions of brilliance {unknown}
 l - 3 potions of might
 m - a potion of magic {unknown}
 s - 3 potions of curing {unknown}
 u - a potion of haste {unknown}
 w - a potion of restore abilities {unknown}
 x - a potion of ambrosia {unknown}
 G - a potion of agility {unknown}
 H - a potion of heal wounds {unknown}
Books
 c - a book of Minor Magic

   Spells                             Type                      Level
   a - Magic Dart                     Conjuration                  1
   b - Blink                          Translocation                2
   c - Call Imp                       Summoning                    2
   d - Repel Missiles                 Charms/Air                   2
   e - Slow                           Hexes                        2
   f - Conjure Flame                  Conjuration/Fire             3
   g - Mephitic Cloud                 Conjuration/Poison/Air       3
Comestibles
 d - 3 bread rations
 j - 4 meat rations
 k - 2 slices of pizza
 F - a beef jerky


   Skills:
 - Level 1.5 Dodging
 - Level 3.0 Stealth
 - Level 3.0 Spellcasting
 + Level 4.4 Conjurations
 + Level 3.6 Summonings
 - Level 1.0 Translocations
 * Level 3.4 Fire Magic


You couldn't memorise any spells.
You knew the following spells:

 Your Spells              Type           Power        Failure   Level  Hunger
a - Magic Dart            Conj           ###.         2%          1    None
b - Call Imp              Summ           ###.....     6%          2    ##.....
c - Conjure Flame         Conj/Fire      ###.....     10%         3    ###....
d - Mephitic Cloud        Conj/Pois/Air  #.......     24%         3    ###....
e - Blink                 Tloc           N/A          17%         2    ##.....


Dungeon Overview and Level Annotations

Branches:
Dungeon (5/15)
 Temple: D:4-7

Altars:
Ru
Trog
Xom
Yredelemnul
Zin


Innate Abilities, Weirdness & Mutations

You cannot wear boots.
You can spit poison.
Your serpentine skin is tough (AC +2).
You have supernaturally acute eyesight.
Armour fits poorly on your strangely shaped body.
Your system is resistant to poisons.
You cover ground very slowly.


Message History

Casting: Call Imp
Confirm with . or Enter, or press ? or * to list all spells.
A beastly little devil appears in a puff of flame.
You are feeling hungry.
Your crimson imp closely misses the orc.
The orc barely misses you.
Your crimson imp misses the orc.
You swap places.
Your crimson imp hits the orc.
The orc hits you with a flail.
Your crimson imp hits the orc but does no damage.
Your crimson imp closely misses the orc.
Your crimson imp hits the orc.
The orc explodes!
The fiery explosion engulfs your crimson imp.
Your crimson imp completely resists.
The fiery explosion engulfs your crimson imp.
Your crimson imp completely resists.
The fiery explosion engulfs your crimson imp.
Your crimson imp completely resists.
The fiery explosion engulfs you!
Ouch! That really hurt!
You die...

#..##...# #....#.# #.# #.####
#.....>.###....#.# #)####.#...
#..............#.# #..........
#.#....####.####.# #.####.#...
#......# #.####.# #......)...
###.#.#####......# ######.#...
........##......5####### #.#...
#.###.#.##.#.#.5§5.....#####.....
#.#...#.#...##.§@##.......#######
#.#.....>....###.##.......#
#.#...#.#...###.###..#.#..#
#.##.##.##.#.#.## #..#.#..#
........#####.## #<.#.#..#
...#.#### ###.### #..#.#..#
##...# #.....# #.......# .#...##
#.....# ####.#### .#....# #.....#
#.#


You could see 3 friendly crimson imps.

Vanquished Creatures
  2 worker ants (D:4)
  4 adders
  3 worms
  3 giant geckos
  2 oozes (D:1)
  10 orcs
  9 bats
  A bat skeleton (D:4)
  4 giant cockroaches
  14 goblins
  7 hobgoblins
  2 jackals (D:4)
  2 ball pythons
  A giant newt (D:3)
  7 kobolds (D:1)
  3 rats
74 creatures vanquished.

Vanquished Creatures (collateral kills)
  A phantom (D:4)
  The ghost of karlm the Conjurer, an average NaWz (D:3)
  An iguana (D:4)
  An orc wizard (D:3)
  A hound (D:4)
  Robin (D:1)
  9 adders
  3 worms
  A giant gecko (D:1)
  6 orcs
  A bat skeleton (D:4)
  A giant cockroach (D:3)
  10 goblins
  6 hobgoblins
  2 quokkas
  3 giant newts
  8 jackals
  5 kobolds
  3 rats
  A spectral orc (D:2)
65 creatures vanquished.

Vanquished Creatures (others)
  A crimson imp (D:3)
  A shadow imp (D:4)
  4 white imps
6 creatures vanquished.

Grand Total: 145 creatures vanquished

Notes
Turn   | Place    | Note
--------------------------------------------------------------
     0 | D:1      | karlm, the Naga Wizard, began the quest for the Orb.
     0 | D:1      | Reached XP level 1. HP: 15/15 MP: 4/4
   315 | D:1      | Reached XP level 2. HP: 22/22 MP: 4/6
   515 | D:1      | Learned a level 2 spell: Call Imp
   846 | D:1      | Reached XP level 3. HP: 28/28 MP: 4/7
  1502 | D:2      | Noticed Robin
  2163 | D:1      | Reached XP level 4. HP: 36/36 MP: 3/9
  2303 | D:1      | Killed Robin
  2492 | D:2      | Found a sacrificial altar of Ru.
  3152 | D:2      | Reached XP level 5. HP: 23/42 MP: 1/11
  3213 | D:2      | Learned a level 3 spell: Conjure Flame
  3217 | D:2      | Learned a level 3 spell: Mephitic Cloud
  3444 | D:2      | Found a basalt altar of Yredelemnul.
  3917 | D:2      | Reached skill level 1 in Fire Magic
  4147 | D:3      | Noticed karlm's ghost (average NaWz)
  4389 | D:3      | HP: 1/42 [karlm's ghost (10)]
  5093 | D:3      | Killed karlm's ghost
  5093 | D:3      | Reached skill level 4 in Conjurations
  5203 | D:3      | Reached XP level 6. HP: 49/49 MP: 4/12
  5215 | D:3      | Learned a level 2 spell: Blink
  5687 | D:4      | Found a glowing silver altar of Zin.
  5687 | D:4      | Noticed an angel
  5698 | D:4      | Found a shimmering altar of Xom.
  6796 | D:4      | Found a bloodstained altar of Trog.
  6908 | D:5      | Entered Level 5 of the Dungeon
  6956 | D:4      | Killed from afar by an orc

Action                   |  1- 3 |  4- 6 || total
-------------------------+-------+-------++-------
Melee: Unarmed           |     2 |       ||     2
       Short sword       |     3 |       ||     3
       Spear             |     8 |   196 ||   204
 Cast: Magic Dart        |    44 |    53 ||    97
       Call Imp          |    18 |   109 ||   127
 Abil: Spit Poison       |    15 |     1 ||    16
  Use: Scroll            |       |     7 ||     7
 Stab: Sleeping          |       |     3 ||     3
  Eat: Chunk             |     5 |    14 ||    19
       Bread ration      |       |     1 ||     1
       Beef jerky        |       |     1 ||     1
